 Dungeon Crawl Stone Soup version 0.28.0 (webtiles) character file.

Game seed: 7690954108791381145

25 HallandMoats the Skirmisher (level 3, 0/23 HPs)
             Began as a Gargoyle Fighter on Feb 7, 2022.
             Was a Follower of Dithmenos.
             Slain by a gnoll (4 damage)
             ... on level 3 of the Dungeon.
             The game lasted 00:01:04 (1308 turns).

HallandMoats the Skirmisher (Gargoyle Fighter)      Turns: 1308, Time: 00:01:05

Health: 0/23       AC: 10    Str: 19    XL:     3   Next: 4%
Magic:  3/3        EV:  9    Int:  8    God:    Dithmenos [*.....]
Gold:   25         SH:  4    Dex: 11    Spells: 2/2 levels left

rFire   . . .      SeeInvis .   a - +0 war axe
rCold   . . .      Faith    .   c - +0 buckler
rNeg    + . .      Spirit   .   b - +0 scale mail
rPois   ∞          Reflect  .   (no helmet)
rElec   +          Harm     .   (no cloak)
rCorr   .          Rampage  .   (no gloves)
Will    .....                   (no boots)
Stlth   ..........              (no amulet)
HPRegen 0.07/turn               (no ring)
MPRegen 0.08/turn               (no ring)

@: wreathed by umbra
A: sickness immunity, AC +3, negative energy resistance 1, electricity
resistance, torment resistance 1, petrification resistance
a: Renounce Religion


You were on level 3 of the Dungeon.
You worshipped Dithmenos.
Dithmenos was aware of your devotion.
You visited 1 branch of the dungeon, and saw 3 of its levels.

You collected 25 gold pieces.

Inventory:

Hand Weapons
 a - a +0 war axe (weapon)
Armour
 b - a +0 scale mail (worn)
 c - a +0 buckler (worn)
Jewellery
 g - an amulet of guardian spirit
Scrolls
 e - a scroll of identify {unknown}
 h - a scroll of vulnerability {unknown}
Potions
 d - 2 potions of might
 f - a potion of flight {unknown}


   Skills:
 + Level 3.5 Fighting
 + Level 2.1 Axes
 + Level 3.5 Armour
 + Level 0.6 Dodging
 + Level 3.5 Shields


You had 2 spell levels left.
You didn't know any spells.
Your spell library contained the following spells:

 Spells                   Type           Power      Damage    Failure   Level
 Conjure Flame            Conj/Fire      0%         6-21      99%         3
 Ignite Poison            Fire/Tmut/Pois 0%         N/A       99%         3
 Sticky Flame             Conj/Fire      0%         2d3       100%        4


Dungeon Overview and Level Annotations

Branches:
Dungeon (3/15)

Altars:
Dithmenos


Innate Abilities, Weirdness & Mutations

You are immune to sickness and miasma.
Your stone body is resilient. (AC +3)
You are immune to poison.
You resist negative energy. (rN+)
You are resistant to electric shocks. (rElec)
You are resistant to unholy torment.
You are immune to petrification.


Message History

Unknown command.
You are too injured to fight recklessly!
You are too injured to fight recklessly!
The gnoll hits you from afar with a +0 spear.
The gnoll throws a stone.
The stone hits you.
* * * LOW HITPOINT WARNING * * *
There is a stone staircase leading down here.
You climb downwards.
There is a stone staircase leading up here.
You start resting.
HP restored.
You climb upwards.
There is a stone staircase leading down here.
You closely miss the gnoll. The gnoll hits you with a +0 flail.
The gnoll closely misses you.
You hit the gnoll.
The gnoll is moderately wounded.
You barely miss the gnoll. The gnoll barely misses you.
The gnoll hits you but does no damage. x3
You hit the gnoll.
The gnoll is heavily wounded.
You barely miss the gnoll.
The gnoll hits you from afar with a +0 spear.
The gnoll hits you with a +0 club. The gnoll hits you with a +0 flail!
* * * LOW HITPOINT WARNING * * *
The gnoll hits you but does no damage. You block the gnoll's attack.
There is a stone staircase leading down here.
The gnoll hits you but does no damage.
The gnoll hits you from afar with a +0 spear.
* * * LOW HITPOINT WARNING * * *
You climb downwards.
There is a stone staircase leading up here.
You hit the gnoll but do no damage.
The gnoll is heavily wounded.
You block the gnoll's attack. The gnoll closely misses you.
You slash the gnoll!
You kill the gnoll!
Dithmenos accepts your kill. The gnoll hits you with a +0 club.
You die... ######.# #@g....# #####..#

You could see a gnoll.

Vanquished Creatures
  A gnoll (D:3)
  A ball python (D:1)
  A giant cockroach (D:1)
  4 hobgoblins
  6 jackals
  A quokka (D:2)
  A frilled lizard (D:2)
  3 goblins
  3 kobolds
21 creatures vanquished.

Notes
Turn   | Place    | Note
-------+----------+-------------------------------------------
     0 | D:1      | HallandMoats the Gargoyle Fighter began the quest for the
                  | Orb.
     0 | D:1      | Reached XP level 1. HP: 14/14 MP: 1/1
   213 | D:1      | Reached XP level 2. HP: 19/19 MP: 2/2
   256 | D:1      | Found a faded altar of an unknown god.
   424 | D:1      | Prayed at the altar of an unknown god.
   424 | D:1      | Became a worshipper of Dithmenos the Shadowed
   424 | D:1      | Reached * piety under Dithmenos
  1019 | D:2      | Reached XP level 3. HP: 23/23 MP: 3/3
  1308 | D:3      | Slain by a gnoll

Illustrated notes

Levels and vault maps discovered:
D:1:      amcnicky_arrival_wind_blow, layout_basic,
          hellmonk_ecumenical_altar_dog_temple, chequers_serial_rivers_small_a
D:2:      layout_rooms
D:3:      layout_basic, minmay_bisected

Skill      XL: |  1  2 |
---------------+-------+-----
Axes           | 2 |  2.1
Fighting       | |  3.5
Armour         | |  3.5
Dodging        | |  0.6
Shields        | |  3.5

Action                   || total
-------------------------++-------
Melee: War axe           ||    92
Armor: Scale mail        ||    55
Dodge: Dodged            ||    59
Block: Buckler           ||    27
